 Dungeon Crawl Stone Soup version 0.21.1-1-g345015f (webtiles) character file.

420 equalderp2856 the Covered (level 6, -3/55 HPs)
             Began as a Minotaur Fighter on Apr 28, 2018.
             Slain by a worker ant (4 damage)
             ... on level 5 of the Dungeon.
             The game lasted 00:04:39 (2954 turns).

equalderp2856 the Covered (Minotaur Fighter)        Turns: 2954, Time: 00:04:40

Health: -3/55      AC:  8    Str: 26      XL:     6   Next: 62%
Magic:  5/5        EV:  8    Int:  5      God:
Gold:   141        SH: 10    Dex: 10 (11) Spells: 5/5 levels left

rFire    . . .     SeeInvis .   a - +0 war axe
rCold    . . .     Gourm    .   c - +0 shield
rNeg     . . .     Faith    .   b - +0 scale mail
rPois    .         Spirit   .   (helmet restricted)
rElec    .         Reflect  .   (no cloak)
rCorr    .         Harm     .   l - +0 pair of gloves
MR       .....                  (no boots)
Stlth    ..........             (no amulet)
HPRegen  0.18/turn              (no ring)
MPRegen  0.09/turn              (no ring)

@: mighty, lethally poisoned (-3 -> -5), flying
A: retaliatory headbutt, horns 2
a: no special abilities


You were on level 5 of the Dungeon.
You were hungry.

You visited 1 branch of the dungeon, and saw 5 of its levels.

You collected 141 gold pieces.

Inventory:

Hand Weapons
 a - a +0 war axe (weapon)
 q - a +0 trident
Armour
 b - a +0 scale mail (worn)
 c - a +0 shield (worn)
 l - a +0 pair of gloves (worn)
Wands
 k - a wand of flame (4)
Scrolls
 e - a scroll of blinking {unknown}
 g - 3 scrolls of enchant armour {unknown}
 h - 2 scrolls of fog {unknown}
 i - 3 scrolls of teleportation {unknown}
 j - 2 scrolls of remove curse {unknown}
 m - a scroll of noise {unknown}
 p - a scroll of identify {unknown}
Potions
 n - a potion of agility
Comestibles
 f - 5 rations


   Skills:
 + Level 4.8 Fighting
 + Level 5.3 Axes
 + Level 5.3 Armour
 + Level 1.6 Dodging
 + Level 0.5 Stealth
 + Level 5.1 Shields


You had 5 spell levels left.
You didn't know any spells.

Dungeon Overview and Level Annotations

Branches:
Dungeon (5/15)
 Temple: D:4-7

Altars:
Cheibriados

Annotations:
D:4 Grinder


Innate Abilities, Weirdness & Mutations

You reflexively headbutt those who attack you in melee.
You have a pair of horns on your head.


Message History

Evoke which item? (* to show all) (? for menu, Esc to quit)
Okay, then.
You feel very mighty all of a sudden. You block the worker ant's attack.
You barely miss the worker ant. You block the worker ant's attack.
You closely miss the worker ant. You headbutt the worker ant.
The worker ant is heavily wounded.
You hit the jelly.
Your hands burn!
* * * LOW HITPOINT WARNING * * *
The worker ant bites you.
* * * LOW HITPOINT WARNING * * *
You are lethally poisoned!
The worker ant poisons you! The jelly closely misses you.
The worker ant barely misses you.
It was a potion of flight.
You feel very buoyant.
You fly up into the air.
* * * LOW HITPOINT WARNING * * *
You feel sick. The worker ant bites you.
You die...

#
#.####
#.$J.#
#@#
#a#
...
#..##
#..#
#..#
#..#
#..!


You could see a jelly and a worker ant.

Vanquished Creatures
  3 orc wizards (D:4)
  An orc priest (D:4)
  3 worker ants
  6 adders
  8 gnolls
  2 shadow imps (D:4)
  4 worms
  2 dart slugs (D:2)
  10 orcs
  4 giant cockroaches
  4 goblins
  2 hobgoblins
  9 jackals
  3 quokkas
  A ball python (D:1)
  9 bats
  3 frilled lizards
  2 kobolds
  3 rats
79 creatures vanquished.

Notes
Turn   | Place    | Note
-------+----------+-------------------------------------------
     0 | D:1      | equalderp2856 the Minotaur Fighter began the quest for the Orb.
     0 | D:1      | Reached XP level 1. HP: 19/19 MP: 0/0
   585 | D:2      | Reached XP level 2. HP: 27/27 MP: 1/1
   587 | D:2      | Found a snail-covered altar of Cheibriados.
   699 | D:2      | Reached XP level 3. HP: 27/33 MP: 2/2
  1428 | D:3      | Reached XP level 4. HP: 28/41 MP: 3/3
  1968 | D:3      | Reached XP level 5. HP: 33/47 MP: 4/4
  2331 | D:3      | Reached skill level 5 in Armour
  2601 | D:4      | Reached skill level 1 in Dodging
  2612 | D:4      | Reached skill level 5 in Shields
  2612 | D:4      | Reached XP level 6. HP: 31/53 MP: 5/5
  2784 | D:4      | Reached skill level 5 in Axes
  2919 | D:4      | Noticed Grinder
  2922 | D:4      | Paralysed by Grinder for 7 turns
  2950 | D:5      | Entered Level 5 of the Dungeon
  2953 | D:5      | HP: 2/55 [worker ant (6)]
  2954 | D:5      | Slain by a worker ant

Skill      XL: |  1  2  3  4  5  6 |
---------------+-------------------+-----
Armour         | 4 5 |  5.3
Fighting       | 4 |  4.8
Shields        | 4 5 |  5.1
Axes           | 3 4 5 |  5.3
Dodging        | 1 |  1.6
Stealth        | |  0.5

Action                   |  1- 3 |  4- 6 || total
-------------------------+-------+-------++-------
Melee: War axe           |    66 |   116 ||   182
       Headbutt          |     8 |    16 ||    24
  Use: Potion            |       |     5 ||     5
  Eat: Chunk             |     2 |     4 ||     6
Armor: Scale mail        |    34 |    81 ||   115
Dodge: Dodged            |    26 |    58 ||    84
Block: Shield            |    41 |   108 ||   149
